Carnivores vs Sewer Rats
Created - 28 décembre 2013 at 22:20
Goals
|
| Carnivores |
1 |
0 |
1 |
2 |
| Sewer Rats |
4 |
4 |
1 |
9 |
|
Shots
|
| Carnivores |
5 |
21 |
5 |
31 |
| Sewer Rats |
14 |
13 |
6 |
33 |
|
1st period
1. Sewer Rats , Niko Dimitrakos 6 (Stéphane Yelle) at 11:45 (SH)
2. Sewer Rats , Ville Leino 20 (Zach Bogosian, Kyle Okposo) at 14:18
3. Sewer Rats , Niko Dimitrakos 7 (Stéphane Yelle, Zach Bogosian) at 17:58
4. Carnivores , Blake Geoffrion 14 (David Van Der Gulik, Steve Mason) at 19:18 (PP)
5. Sewer Rats , Max Pacioretty 25 (John-Michael Liles, Dustin Byfuglien) at 19:48
Penalties :
Kyle Turris (Tol) for Hooking (Minor) at 5:24, David Schlemko (Bre) for Hooking (Minor) at 9:03, Patrick Bordeleau (Tol) for Hooking (Minor) at 11:32, Zach Bogosian (Tol) for Tripping (Minor) at 18:44
2nd period
6. Sewer Rats , Kyle Turris 5 (Dustin Byfuglien, John-Michael Liles) at 1:06
7. Sewer Rats , Kyle Turris 6 (Dustin Byfuglien, Max Pacioretty) at 2:51
8. Sewer Rats , Dustin Byfuglien 25 (Kyle Turris) at 4:14
9. Sewer Rats , Andy Delmore 2 (Lars Eller, Dustin Byfuglien) at 5:17 (PP)
Penalties :
Max Pacioretty (Tol) for Fighting (Major) at 4:15, Andy Miele (Bre) for Fighting (Major) at 4:15, Andy Miele (Bre) for instigated a fight (Minor) at 4:15, Andy Miele (Bre) for instigated a fight (10 Minutes Misconduct) at 4:15, Zach Bogosian (Tol) for Fighting (Major) at 7:46, Chris Butler (Bre) for Fighting (Major) at 7:46, Billy Sweat (Bre) for Goalie Interference (Minor) at 19:37
3rd period
10. Carnivores , Mikael Backlund 9 (David Schlemko) at 2:22
11. Sewer Rats , Dustin Byfuglien 26 (Max Pacioretty, Zach Bogosian) at 4:17
Penalties :
Evgeny Grachev (Bre) for Interference (Minor) at 4:18, Andy Delmore (Tol) for Fighting (Major) at 10:25, Evgeny Grachev (Bre) for Fighting (Major) at 10:25, Zach Bogosian (Tol) for Holding Stick (Minor) at 12:12, Max Pacioretty (Tol) for Tripping (Minor) at 17:47
Goalie Stats
Corey Crawford (Bre), 5 saves from 9 shots - (0,556), 5:29 minutes
Steve Mason (Bre), 19 saves from 24 shots - (0,792), L, 11-10-0, 54:31 minutes
Jhonas Enroth (Tol), 29 saves from 31 shots - (0,935), W, 9-4-0, 60:00 minutes
Players Stats for Carnivores
Player Name G A P +/- PIM S H SB GA TA FO MP PP MP PK MP
------------------------------------------------------------------------------------
Andrew Ference 0 0 0 -1 0 1 2 1 2 0 0/0 21:11 2:52 2:55
Andy Miele 0 0 0 -5 17 1 0 0 1 0 1/3 19:17 4:45 3:21
Anton Gustafsson 0 0 0 0 0 1 2 0 0 0 4/8 12:06 3:35 0:00
Billy Sweat 0 0 0 -2 2 0 1 0 0 0 0/1 10:49 0:00 0:00
Blake Geoffrion 1 0 1 0 0 6 5 0 0 0 1/2 15:34 3:45 0:55
Brian Strait 0 0 0 0 0 0 0 0 0 0 0/0 4:09 0:00 0:00
Chris Butler 0 0 0 -1 5 0 0 0 0 0 0/0 7:26 0:20 0:00
David Schlemko 0 1 1 -1 2 0 0 0 0 0 0/0 9:18 0:12 0:00
David Van Der Gulik 0 1 1 0 0 2 0 0 0 1 0/1 17:42 3:45 1:21
Evgeny Grachev 0 0 0 -5 7 1 2 0 0 0 10/28 16:59 3:25 0:00
Jeff Tambellini 0 0 0 -5 0 2 4 0 0 0 0/1 22:17 4:45 3:14
Jeremy Welsh 0 0 0 0 0 1 2 0 0 0 0/0 8:29 0:00 0:00
Jordie Benn 0 0 0 0 0 0 0 1 0 0 0/0 4:09 0:00 0:00
Josef Melichar 0 0 0 -5 0 2 0 1 0 0 0/0 27:29 5:26 4:04
Keith Aulie 0 0 0 -5 0 2 1 1 0 1 0/0 27:21 5:26 4:04
Manny Malhotra 0 0 0 -2 0 1 2 1 2 0 3/4 14:19 0:51 0:57
Matt Cullen 0 0 0 0 0 3 1 0 0 0 11/16 15:21 0:39 4:10
Mikael Backlund 1 0 1 0 0 4 2 0 0 0 1/1 8:29 0:00 0:00
Phil Oreskovic 0 0 0 -1 0 0 1 1 0 0 0/0 19:14 2:44 2:55
Tim Conboy 0 0 0 -2 0 4 0 0 1 0 0/0 11:16 0:00 0:00
Players Stats for Sewer Rats
Player Name G A P +/- PIM S H SB GA TA FO MP PP MP PK MP
------------------------------------------------------------------------------------
Andy Delmore 1 0 1 5 5 5 2 1 0 2 0/0 25:46 4:18 4:27
Brandon Sutter 0 0 0 0 0 0 0 0 0 0 3/5 11:59 0:00 2:35
Chad Denny 0 0 0 0 0 0 0 0 0 0 0/0 4:21 0:00 0:36
Derek Dorsett 0 0 0 0 0 2 1 0 0 0 0/0 10:07 0:00 1:12
Dustin Byfuglien 2 4 6 5 0 3 4 0 0 0 1/1 19:01 4:00 0:00
John-Michael Liles 0 2 2 5 0 3 1 1 1 0 0/0 25:46 4:18 5:47
Jonathan Paiement 0 0 0 -1 0 0 0 2 0 0 0/0 16:29 0:00 2:43
Kyle Okposo 0 1 1 1 0 1 1 1 0 0 1/1 17:06 3:23 0:00
Kyle Turris 2 1 3 5 2 4 3 0 0 1 15/32 19:14 4:00 0:00
Lars Eller 0 1 1 1 0 2 1 0 0 1 7/12 15:21 2:41 0:00
Max Pacioretty 1 2 3 5 7 3 1 0 0 0 2/2 18:06 3:19 1:05
Mike Funk 0 0 0 -1 0 0 1 0 0 0 0/0 10:41 0:00 0:44
Niko Dimitrakos 2 0 2 1 0 3 1 0 0 0 0/0 12:22 0:18 4:43
Patrick Bordeleau 0 0 0 0 2 0 1 0 0 0 0/0 7:11 0:07 0:00
Stéphane Yelle 0 2 2 1 0 2 0 0 1 0 5/12 12:02 0:00 4:43
Steven Kampfer 0 0 0 3 0 0 0 0 0 0 0/0 19:58 2:41 0:39
Ville Leino 1 0 1 1 0 3 1 0 0 0 0/0 15:33 2:41 0:07
Vojtech Polak 0 0 0 0 0 1 1 0 0 0 0/0 12:50 0:28 2:35
Zach Bogosian 0 3 3 3 9 1 0 2 0 2 0/0 17:29 2:41 2:04
3 Stars
1 - Dustin Byfuglien (Tol)
2 - Kyle Turris (Tol)
3 - John-Michael Liles (Tol)
Power Play
Carnivores - 1 on 5 Attempt(s) - 20,00%
Sewer Rats - 1 on 4 Attempt(s) - 25,00%
Penalty Kill
Carnivores - 3 on 4 Attempt(s) - 75,00%
- Score 0 goal in Penalty Kill
Sewer Rats - 4 on 5 Attempt(s) - 80,00%
- Score 1 goal in Penalty Kill
Official
Referees : Jackson Dave and Morton Dean
Linesman : Ryan Galloway and David Brisebois
Game Notes
19:18 of 1st period - Carnivores goal is going for a video replay. After video review, Goal.
Corey Crawford enters game at 19:48 of 1st period
Max Pacioretty and Andy Miele fight to a draw at 4:15 of 2nd period
Steve Mason enters game at 5:17 of 2nd period
Zach Bogosian beats up Chris Butler at 7:46 of 2nd period
Andy Delmore beats up Evgeny Grachev at 10:25 of 3rd period
Finance
Level 1 -- Attendance: 1594 (79,70%) -- Ticket Income 51 008 $
Level 2 -- Attendance: 723 (72,30%) -- Ticket Income 10 122 $
Total Attendance: 2317 (77,23%)
Total Ticket Income: 61 130 $
Other Income: 3 056 $
Total Income: 64 186 $
Carnivores
5 vs 5 Forward
Center Left Wing Right Wing Time % Phy DF OF
1 Evgeny Grachev Jeff Tambellini Andy Miele 40 1 2 2
2 Matt Cullen Blake Geoffrion David Van Der Gulik 30 1 2 2
3 Manny Malhotra Billy Sweat Tim Conboy 20 1 2 2
4 Anton Gustafsson Jeremy Welsh Mikael Backlund 10 1 2 2
5 vs 5 Defense
Defense Defense Time % Phy DF OF
1 Keith Aulie Josef Melichar 40 1 2 2
2 Andrew Ference Phil Oreskovic 30 1 2 2
3 Chris Butler David Schlemko 20 1 2 2
4 Jordie Benn Brian Strait 10 1 2 2
PowerPlay Forward
Center Left Wing Right Wing Time % Phy DF OF
1 Evgeny Grachev Jeff Tambellini Andy Miele 60 1 2 2
2 Anton Gustafsson Blake Geoffrion David Van Der Gulik 40 1 2 2
PowerPlay Defense
Defense Defense Time % Phy DF OF
1 Keith Aulie Josef Melichar 60 1 2 2
2 Andrew Ference Phil Oreskovic 40 1 2 2
Penalty Kill 4 Players Forward
Center Wing Time % Phy DF OF
1 Matt Cullen Andy Miele 60 1 2 2
2 Jeff Tambellini David Van Der Gulik 40 1 2 2
Penalty Kill 4 Players Defense
Defense Defense Time % Phy DF OF
1 Keith Aulie Josef Melichar 60 1 2 2
2 Andrew Ference Phil Oreskovic 40 1 2 2
Penalty Kill - 3 Players Forward
Forward Time % Phy DF OF
1 Matt Cullen 60 1 2 2
2 Jeff Tambellini 40 1 2 2
Penalty Kill - 3 Players Defense
Defense Defense Time % Phy DF OF
1 Keith Aulie Josef Melichar 60 1 2 2
2 Andrew Ference Phil Oreskovic 40 1 2 2
4 vs 4 Forward
Center Wing Time % Phy DF OF
1 Evgeny Grachev Andy Miele 60 1 2 2
2 Jeff Tambellini David Van Der Gulik 40 1 2 2
4 vs 4 Defense
Defense Defense Time % Phy DF OF
1 Keith Aulie Josef Melichar 60 1 2 2
2 Andrew Ference Phil Oreskovic 40 1 2 2
Last Minutes Offensive
Center Left Wing Right Wing Defense Defense
Evgeny Grachev Jeff Tambellini Andy Miele Andrew Ference Josef Melichar
Last Minutes Defensive
Center Left Wing Right Wing Defense Defense
Evgeny Grachev Jeff Tambellini Andy Miele Andrew Ference Josef Melichar
Goaltenders
Starting : Steve Mason
Backup : Corey Crawford
Extra Forwards
Normal : Jeff Tambellini, Andy Miele, Evgeny Grachev - PP : Jeff Tambellini, Andy Miele - PK : Jeff Tambellini
Extra Defensemen
Normal : Josef Melichar, Andrew Ference, Keith Aulie - PP : Josef Melichar - PK : Josef Melichar, Andrew Ference
Penalty Shots
Andy Miele, Jeff Tambellini, David Van Der Gulik, Evgeny Grachev, Matt Cullen
Sewer Rats
5 vs 5 Forward
Center Left Wing Right Wing Time % Phy DF OF
1 Kyle Turris Max Pacioretty Dustin Byfuglien 40 1 2 2
2 Lars Eller Ville Leino Kyle Okposo 30 1 2 2
3 Brandon Sutter Vojtech Polak Derek Dorsett 20 1 2 2
4 Stéphane Yelle Patrick Bordeleau Niko Dimitrakos 10 1 2 2
5 vs 5 Defense
Defense Defense Time % Phy DF OF
1 Andy Delmore John-Michael Liles 40 1 2 2
2 Steven Kampfer Zach Bogosian 30 1 2 2
3 Jonathan Paiement Mike Funk 20 1 2 2
4 Chad Denny Andy Delmore 10 1 2 2
PowerPlay Forward
Center Left Wing Right Wing Time % Phy DF OF
1 Kyle Turris Max Pacioretty Dustin Byfuglien 60 1 2 2
2 Lars Eller Ville Leino Kyle Okposo 40 1 2 2
PowerPlay Defense
Defense Defense Time % Phy DF OF
1 Andy Delmore John-Michael Liles 60 1 2 2
2 Steven Kampfer Zach Bogosian 40 1 2 2
Penalty Kill 4 Players Forward
Center Wing Time % Phy DF OF
1 Stéphane Yelle Niko Dimitrakos 60 1 2 2
2 Brandon Sutter Vojtech Polak 40 1 2 2
Penalty Kill 4 Players Defense
Defense Defense Time % Phy DF OF
1 Andy Delmore John-Michael Liles 60 1 2 2
2 Jonathan Paiement Zach Bogosian 40 1 2 2
Penalty Kill - 3 Players Forward
Forward Time % Phy DF OF
1 Stéphane Yelle 60 1 2 2
2 Dustin Byfuglien 40 1 2 2
Penalty Kill - 3 Players Defense
Defense Defense Time % Phy DF OF
1 Andy Delmore John-Michael Liles 60 1 2 2
2 Jonathan Paiement Zach Bogosian 40 1 2 2
4 vs 4 Forward
Center Wing Time % Phy DF OF
1 Stéphane Yelle Dustin Byfuglien 60 1 2 2
2 Niko Dimitrakos Max Pacioretty 40 1 2 2
4 vs 4 Defense
Defense Defense Time % Phy DF OF
1 Andy Delmore John-Michael Liles 60 1 2 2
2 Chad Denny Zach Bogosian 40 1 2 2
Last Minutes Offensive
Center Left Wing Right Wing Defense Defense
Stéphane Yelle Max Pacioretty Dustin Byfuglien Andy Delmore John-Michael Liles
Last Minutes Defensive
Center Left Wing Right Wing Defense Defense
Stéphane Yelle Max Pacioretty Dustin Byfuglien Andy Delmore John-Michael Liles
Goaltenders
Starting : Jhonas Enroth
Backup : Semyon Varlamov
Extra Forwards
Normal : Kyle Okposo, Vojtech Polak, Derek Dorsett - PP : Kyle Okposo, Vojtech Polak - PK : Derek Dorsett
Extra Defensemen
Normal : Jonathan Paiement, Mike Funk, Steven Kampfer - PP : Jonathan Paiement - PK : Mike Funk, Steven Kampfer
Penalty Shots
Stéphane Yelle, Dustin Byfuglien, Niko Dimitrakos, Max Pacioretty, Ville Leino
% Time on Ice - Carnivores
Lines # - Real PCT - Wanted PCT - Time Play
Normal Forward
1 - 33% - 40% - 14:44
2 - 24% - 30% - 10:28
3 - 24% - 20% - 10:50
4 - 19% - 10% - 8:29
Normal Defense
1 - 40% - 40% - 17:51
2 - 31% - 30% - 13:35
3 - 20% - 20% - 8:56
4 - 9% - 10% - 4:09
PP Forward
1 - 58% - 60% - 4:55
2 - 42% - 40% - 3:35
PP Defense
1 - 64% - 60% - 5:26
2 - 36% - 40% - 3:04
PK Forward
1 - 81% - 60% - 5:38
2 - 19% - 40% - 1:21
PK Defense
1 - 58% - 60% - 4:04
2 - 42% - 40% - 2:55
PK3 Forward
1 - 0% - 60%
2 - 0% - 40%
PK3 Defense
1 - 0% - 60%
2 - 0% - 40%
44 Forward
1 - 0% - 60%
2 - 0% - 40%
44 Defense
1 - 0% - 60%
2 - 0% - 40%
Last Minute Offensive - 0:00
Last Minute Defensive - 0:00
Total
Forward - 60:00
Defense - 60:00
|
% Time on Ice - Sewer Rats
Lines # - Real PCT - Wanted PCT - Time Play
Normal Forward
1 - 35% - 40% - 15:23
2 - 30% - 30% - 13:14
3 - 20% - 20% - 8:50
4 - 16% - 10% - 7:04
Normal Defense
1 - 35% - 40% - 15:41
2 - 38% - 30% - 16:43
3 - 19% - 20% - 8:22
4 - 8% - 10% - 3:45
PP Forward
1 - 62% - 60% - 4:18
2 - 38% - 40% - 2:41
PP Defense
1 - 62% - 60% - 4:18
2 - 38% - 40% - 2:41
PK Forward
1 - 70% - 60% - 5:55
2 - 30% - 40% - 2:35
PK Defense
1 - 68% - 60% - 5:47
2 - 32% - 40% - 2:43
PK3 Forward
1 - 0% - 60%
2 - 0% - 40%
PK3 Defense
1 - 0% - 60%
2 - 0% - 40%
44 Forward
1 - 0% - 60%
2 - 0% - 40%
44 Defense
1 - 0% - 60%
2 - 0% - 40%
Last Minute Offensive - 0:00
Last Minute Defensive - 0:00
Total
Forward - 60:00
Defense - 60:00
|
Play by Play
1st period
0:01 of 1st period - Kyle Turris wins face-off versus Evgeny Grachev in neutral zone.
0:04 of 1st period - Jeff Tambellini is hit by Max Pacioretty and loses puck.
0:11 of 1st period - Snap shot by Max Pacioretty.
0:11 of 1st period - Stopped by Steve Mason with a rebound.
0:13 of 1st period - Slapshot by Andy Delmore.
0:13 of 1st period - Deflect By Dustin Byfuglien.
0:13 of 1st period - Shot Blocked by Josef Melichar.
0:13 of 1st period - Puck is out of play.
0:14 of 1st period - Matt Cullen wins face-off versus Lars Eller in Carnivores zone.
0:41 of 1st period - Brandon Sutter is hit by Manny Malhotra and loses puck.
1:22 of 1st period - Snap shot by Josef Melichar.
1:22 of 1st period - Deflect By Jeremy Welsh.
1:22 of 1st period - Shot Blocked by Jonathan Paiement.
1:22 of 1st period - Puck is out of play.
1:23 of 1st period - Stéphane Yelle wins face-off versus Anton Gustafsson in Sewer Rats zone.
1:32 of 1st period - Slapshot by John-Michael Liles.
1:32 of 1st period - Shot Blocked by Keith Aulie.
1:55 of 1st period - Snap shot by David Van Der Gulik.
1:55 of 1st period - Shot Hit the Post.
2:35 of 1st period - Icing by Jeff Tambellini.
2:36 of 1st period - Evgeny Grachev wins face-off versus Kyle Turris in Carnivores zone.
3:07 of 1st period - Off-side.
3:08 of 1st period - Lars Eller wins face-off versus David Van Der Gulik in neutral zone.
3:13 of 1st period - Wrist shot by Ville Leino.
3:13 of 1st period - Shot Misses the Net.
3:35 of 1st period - Jonathan Paiement is hit by Keith Aulie.
3:45 of 1st period - Wrist shot by Manny Malhotra.
3:45 of 1st period - Stopped by Jhonas Enroth without a rebound.
3:46 of 1st period - Evgeny Grachev wins face-off versus Kyle Turris in Sewer Rats zone.
3:47 of 1st period - Snap shot by Jeff Tambellini.
3:47 of 1st period - Stopped by Jhonas Enroth with a rebound.
4:39 of 1st period - Slapshot by Steven Kampfer.
4:39 of 1st period - Shot Misses the Net.
5:19 of 1st period - Wrist shot by Jeff Tambellini.
5:19 of 1st period - Shot Misses the Net.
5:21 of 1st period - Slapshot by Andrew Ference.
5:21 of 1st period - Shot Blocked by Jonathan Paiement.
5:23 of 1st period - Slapshot by Andrew Ference.
5:23 of 1st period - Shot Misses the Net.
5:24 of 1st period - Minor Penalty to Kyle Turris for Hooking.
5:25 of 1st period - Stéphane Yelle wins face-off versus Andy Miele in Sewer Rats zone.
5:56 of 1st period - Andy Delmore is hit by Blake Geoffrion and loses puck.
7:02 of 1st period - Andy Miele is hit by Derek Dorsett and loses puck.
7:24 of 1st period - Penalty to Kyle Turris is over, Kyle Turris is back on ice.
7:35 of 1st period - Snap shot by Niko Dimitrakos.
7:35 of 1st period - Shot Misses the Net.
7:37 of 1st period - Snap shot by Niko Dimitrakos.
7:37 of 1st period - Deflect By Stéphane Yelle.
7:37 of 1st period - Shot Blocked by Jordie Benn.
7:37 of 1st period - Puck is out of play.
7:38 of 1st period - Manny Malhotra wins face-off versus Lars Eller in Carnivores zone.
7:38 of 1st period - Manny Malhotra is hit by Lars Eller.
8:04 of 1st period - Max Pacioretty is hit by Mikael Backlund and loses puck.
8:19 of 1st period - Brian Strait is hit by Vojtech Polak and loses puck.
9:03 of 1st period - Minor Penalty to David Schlemko for Hooking.
9:04 of 1st period - Kyle Turris wins face-off versus Matt Cullen in Carnivores zone.
9:05 of 1st period - Snap shot by Dustin Byfuglien.
9:05 of 1st period - Shot Misses the Net.
9:19 of 1st period - Slapshot by John-Michael Liles.
9:19 of 1st period - Stopped by Steve Mason with a rebound.
10:19 of 1st period - Jeff Tambellini is hit by Dustin Byfuglien and loses puck.
11:03 of 1st period - Penalty to David Schlemko is over, David Schlemko is back on ice.
11:21 of 1st period - Wrist shot by Derek Dorsett.
11:21 of 1st period - Stopped by Steve Mason without a rebound.
11:22 of 1st period - Anton Gustafsson wins face-off versus Stéphane Yelle in Carnivores zone.
11:22 of 1st period - Anton Gustafsson is hit by Andy Delmore.
11:32 of 1st period - Minor Penalty to Patrick Bordeleau for Hooking.
11:33 of 1st period - Stéphane Yelle wins face-off versus Evgeny Grachev in Sewer Rats zone.
11:33 of 1st period - Stéphane Yelle is hit by Evgeny Grachev.
11:45 of 1st period - Wrist shot by Niko Dimitrakos.
11:45 of 1st period - Goal by Niko Dimitrakos - Carnivores : 0 - Sewer Rats : 1.
11:46 of 1st period - Stéphane Yelle wins face-off versus Andy Miele in neutral zone.
12:11 of 1st period - Andy Miele is hit by Andy Delmore and loses puck.
13:32 of 1st period - Penalty to Patrick Bordeleau is over, Patrick Bordeleau is back on ice.
13:55 of 1st period - Andrew Ference is hit by Mike Funk and loses puck.
14:05 of 1st period - Off-side.
14:06 of 1st period - Lars Eller wins face-off versus Anton Gustafsson in neutral zone.
14:16 of 1st period - Snap shot by Ville Leino.
14:16 of 1st period - Shot Misses the Net.
14:18 of 1st period - Slapshot by Ville Leino.
14:18 of 1st period - Goal by Ville Leino - Carnivores : 0 - Sewer Rats : 2.
14:19 of 1st period - Kyle Turris wins face-off versus Evgeny Grachev in neutral zone.
14:44 of 1st period - Andy Delmore is hit by Blake Geoffrion.
16:08 of 1st period - Slapshot by Ville Leino.
16:08 of 1st period - Stopped by Steve Mason with a rebound.
16:10 of 1st period - Snap shot by Ville Leino.
16:10 of 1st period - Shot Misses the Net.
16:26 of 1st period - Slapshot by Derek Dorsett.
16:26 of 1st period - Stopped by Steve Mason without a rebound.
16:27 of 1st period - Evgeny Grachev wins face-off versus Brandon Sutter in Carnivores zone.
17:36 of 1st period - Slapshot by Stéphane Yelle.
17:36 of 1st period - Stopped by Steve Mason with a rebound.
17:38 of 1st period - Snap shot by Stéphane Yelle.
17:38 of 1st period - Deflect By Andrew Ference.
17:38 of 1st period - Stopped by Steve Mason with a rebound.
17:40 of 1st period - Slapshot by Andy Delmore.
17:40 of 1st period - Stopped by Steve Mason without a rebound.
17:41 of 1st period - Evgeny Grachev wins face-off versus Stéphane Yelle in Carnivores zone.
17:58 of 1st period - Snap shot by Niko Dimitrakos.
17:58 of 1st period - Goal by Niko Dimitrakos - Carnivores : 0 - Sewer Rats : 3.
17:59 of 1st period - Evgeny Grachev wins face-off versus Kyle Turris in neutral zone.
18:31 of 1st period - Wrist shot by David Van Der Gulik.
18:31 of 1st period - Stopped by Jhonas Enroth without a rebound.
18:32 of 1st period - Blake Geoffrion wins face-off versus Kyle Turris in Sewer Rats zone.
18:35 of 1st period - Wrist shot by Matt Cullen.
18:35 of 1st period - Shot Misses the Net.
18:37 of 1st period - Slapshot by Phil Oreskovic.
18:37 of 1st period - Shot Misses the Net.
18:44 of 1st period - Minor Penalty to Zach Bogosian for Tripping.
18:45 of 1st period - Evgeny Grachev wins face-off versus Stéphane Yelle in Sewer Rats zone.
19:16 of 1st period - Wrist shot by Blake Geoffrion.
19:16 of 1st period - Stopped by Jhonas Enroth with a rebound.
19:18 of 1st period - Slapshot by Blake Geoffrion.
19:18 of 1st period - Deflect By Andy Delmore.
19:18 of 1st period - Carnivores goal is going for a video replay.
19:18 of 1st period - The goal is good.
19:18 of 1st period - Goal by Blake Geoffrion - Carnivores : 1 - Sewer Rats : 3.
19:19 of 1st period - Kyle Turris wins face-off versus Evgeny Grachev in neutral zone.
19:26 of 1st period - Slapshot by Max Pacioretty.
19:26 of 1st period - Stopped by Steve Mason with a rebound.
19:28 of 1st period - Slapshot by John-Michael Liles.
19:28 of 1st period - Stopped by Steve Mason without a rebound.
19:29 of 1st period - Kyle Turris wins face-off versus Evgeny Grachev in Carnivores zone.
19:38 of 1st period - Snap shot by Dustin Byfuglien.
19:38 of 1st period - Shot Misses the Net.
19:44 of 1st period - Snap shot by Max Pacioretty.
19:44 of 1st period - Shot Misses the Net.
19:46 of 1st period - Snap shot by Max Pacioretty.
19:46 of 1st period - Shot Misses the Net.
19:48 of 1st period - Slapshot by Max Pacioretty.
19:48 of 1st period - Goal by Max Pacioretty - Carnivores : 1 - Sewer Rats : 4.
19:48 of 1st period - Corey Crawford enters game.
19:49 of 1st period - Evgeny Grachev wins face-off versus Kyle Turris in neutral zone.
2nd period
0:01 of 2nd period - Dustin Byfuglien wins face-off versus Evgeny Grachev in neutral zone.
0:27 of 2nd period - Andy Delmore is hit by Matt Cullen and loses puck.
0:50 of 2nd period - Snap shot by Tim Conboy.
0:50 of 2nd period - Stopped by Jhonas Enroth without a rebound.
0:51 of 2nd period - Manny Malhotra wins face-off versus Kyle Turris in Sewer Rats zone.
1:04 of 2nd period - Snap shot by Kyle Turris.
1:04 of 2nd period - Stopped by Corey Crawford with a rebound.
1:06 of 2nd period - Snap shot by Kyle Turris.
1:06 of 2nd period - Goal by Kyle Turris - Carnivores : 1 - Sewer Rats : 5.
1:07 of 2nd period - Kyle Turris wins face-off versus Evgeny Grachev in neutral zone.
1:23 of 2nd period - Snap shot by Andy Miele.
1:23 of 2nd period - Shot Misses the Net.
1:38 of 2nd period - Snap shot by Ville Leino.
1:38 of 2nd period - Shot Misses the Net.
1:40 of 2nd period - Slapshot by John-Michael Liles.
1:40 of 2nd period - Stopped by Corey Crawford without a rebound.
1:41 of 2nd period - Matt Cullen wins face-off versus Lars Eller in Carnivores zone.
1:48 of 2nd period - Wrist shot by Matt Cullen.
1:48 of 2nd period - Shot Blocked by Zach Bogosian.
1:50 of 2nd period - Snap shot by Blake Geoffrion.
1:50 of 2nd period - Stopped by Jhonas Enroth without a rebound.
1:51 of 2nd period - Matt Cullen wins face-off versus Lars Eller in Sewer Rats zone.
1:52 of 2nd period - Slapshot by David Van Der Gulik.
1:52 of 2nd period - Shot Blocked by Kyle Okposo.
2:06 of 2nd period - Snap shot by Kyle Okposo.
2:06 of 2nd period - Stopped by Corey Crawford without a rebound.
2:07 of 2nd period - Max Pacioretty wins face-off versus Jeff Tambellini in Carnivores zone.
2:32 of 2nd period - Dustin Byfuglien is hit by Billy Sweat and loses puck.
2:49 of 2nd period - Slapshot by Dustin Byfuglien.
2:49 of 2nd period - Shot Misses the Net.
2:51 of 2nd period - Snap shot by Kyle Turris.
2:51 of 2nd period - Goal by Kyle Turris - Carnivores : 1 - Sewer Rats : 6.
2:52 of 2nd period - Lars Eller wins face-off versus Evgeny Grachev in neutral zone.
3:22 of 2nd period - Slapshot by Matt Cullen.
3:22 of 2nd period - Shot Misses the Net.
3:24 of 2nd period - Backhand shot by Phil Oreskovic.
3:24 of 2nd period - Shot Misses the Net.
3:48 of 2nd period - Snap shot by Dustin Byfuglien.
3:48 of 2nd period - Shot Misses the Net.
3:50 of 2nd period - Wrist shot by Dustin Byfuglien.
3:50 of 2nd period - Shot Blocked by Andrew Ference.
4:12 of 2nd period - Wrist shot by Lars Eller.
4:12 of 2nd period - Stopped by Corey Crawford without a rebound.
4:13 of 2nd period - Kyle Turris wins face-off versus Evgeny Grachev in Carnivores zone.
4:14 of 2nd period - Snap shot by Dustin Byfuglien.
4:14 of 2nd period - Goal by Dustin Byfuglien - Carnivores : 1 - Sewer Rats : 7.
4:15 of 2nd period - Evgeny Grachev wins face-off versus Kyle Turris in neutral zone.
4:15 of 2nd period - Max Pacioretty and Andy Miele fight to a draw.
4:15 of 2nd period - Penalty to Max Pacioretty for Fighting.
4:15 of 2nd period - Penalty to Andy Miele for Fighting.
4:15 of 2nd period - Penalty to Andy Miele for instigated a fight.
4:15 of 2nd period - Penalty to Andy Miele for instigated a fight.
4:16 of 2nd period - Matt Cullen wins face-off versus Kyle Turris in neutral zone.
4:19 of 2nd period - Slapshot by Josef Melichar.
4:19 of 2nd period - Stopped by Jhonas Enroth without a rebound.
4:20 of 2nd period - Matt Cullen wins face-off versus Kyle Turris in Sewer Rats zone.
4:29 of 2nd period - Slapshot by Andy Delmore.
4:29 of 2nd period - Deflect By Matt Cullen.
4:29 of 2nd period - Stopped by Corey Crawford without a rebound.
4:30 of 2nd period - Kyle Turris wins face-off versus Matt Cullen in Carnivores zone.
4:52 of 2nd period - Jeff Tambellini is hit by Kyle Okposo and loses puck.
5:17 of 2nd period - Slapshot by Andy Delmore.
5:17 of 2nd period - Goal by Andy Delmore - Carnivores : 1 - Sewer Rats : 8.
5:17 of 2nd period - Steve Mason enters game.
5:18 of 2nd period - Brandon Sutter wins face-off versus Evgeny Grachev in neutral zone.
5:31 of 2nd period - Slapshot by Jeff Tambellini.
5:31 of 2nd period - Deflect By Steven Kampfer.
5:31 of 2nd period - Shot Blocked by Zach Bogosian.
5:31 of 2nd period - Puck is out of play.
5:32 of 2nd period - Kyle Turris wins face-off versus Matt Cullen in Sewer Rats zone.
5:36 of 2nd period - Off-side.
5:37 of 2nd period - Matt Cullen wins face-off versus Kyle Turris in neutral zone.
5:50 of 2nd period - Keith Aulie is hit by Dustin Byfuglien and loses puck.
6:03 of 2nd period - Snap shot by Evgeny Grachev.
6:03 of 2nd period - Stopped by Jhonas Enroth with a rebound.
6:29 of 2nd period - Snap shot by Kyle Okposo.
6:29 of 2nd period - Deflect By Lars Eller.
6:29 of 2nd period - Stopped by Steve Mason with a rebound.
6:41 of 2nd period - Manny Malhotra is hit by Kyle Turris and loses puck.
7:15 of 2nd period - Icing by Manny Malhotra.
7:16 of 2nd period - Lars Eller wins face-off versus Evgeny Grachev in Carnivores zone.
7:46 of 2nd period - Zach Bogosian beats up Chris Butler.
7:46 of 2nd period - Penalty to Zach Bogosian for Fighting.
7:46 of 2nd period - Penalty to Chris Butler for Fighting.
7:47 of 2nd period - Kyle Okposo wins face-off versus Evgeny Grachev in Carnivores zone.
8:03 of 2nd period - Snap shot by Dustin Byfuglien.
8:03 of 2nd period - Deflect By Kyle Turris.
8:03 of 2nd period - Stopped by Steve Mason without a rebound.
8:04 of 2nd period - Matt Cullen wins face-off versus Brandon Sutter in Carnivores zone.
8:17 of 2nd period - Slapshot by Matt Cullen.
8:17 of 2nd period - Stopped by Jhonas Enroth with a rebound.
9:02 of 2nd period - Niko Dimitrakos is hit by Mikael Backlund and loses puck.
9:07 of 2nd period - Slapshot by Mikael Backlund.
9:07 of 2nd period - Stopped by Jhonas Enroth with a rebound.
9:17 of 2nd period - Keith Aulie is hit by John-Michael Liles and loses puck.
10:37 of 2nd period - Steven Kampfer is hit by Anton Gustafsson and loses puck.
11:24 of 2nd period - Off-side.
11:25 of 2nd period - Brandon Sutter wins face-off versus Anton Gustafsson in neutral zone.
12:31 of 2nd period - Snap shot by Jeremy Welsh.
12:31 of 2nd period - Stopped by Jhonas Enroth without a rebound.
12:32 of 2nd period - Anton Gustafsson wins face-off versus Kyle Turris in Sewer Rats zone.
13:21 of 2nd period - Andy Delmore is hit by Evgeny Grachev and loses puck.
13:46 of 2nd period - Wrist shot by Tim Conboy.
13:46 of 2nd period - Stopped by Jhonas Enroth without a rebound.
13:47 of 2nd period - Matt Cullen wins face-off versus Lars Eller in Sewer Rats zone.
13:50 of 2nd period - Slapshot by Matt Cullen.
13:50 of 2nd period - Stopped by Jhonas Enroth with a rebound.
13:52 of 2nd period - Snap shot by Josef Melichar.
13:52 of 2nd period - Shot Misses the Net.
13:54 of 2nd period - Snap shot by Keith Aulie.
13:54 of 2nd period - Stopped by Jhonas Enroth with a rebound.
13:56 of 2nd period - Wrist shot by Matt Cullen.
13:56 of 2nd period - Stopped by Jhonas Enroth without a rebound.
13:57 of 2nd period - Lars Eller wins face-off versus Matt Cullen in Sewer Rats zone.
14:15 of 2nd period - 10 Minutes Game Misconduct Penalty to Andy Miele is over.
14:20 of 2nd period - Snap shot by Matt Cullen.
14:20 of 2nd period - Shot Misses the Net.
14:42 of 2nd period - Lars Eller is hit by Blake Geoffrion and loses puck.
14:53 of 2nd period - Slapshot by David Van Der Gulik.
14:53 of 2nd period - Shot Misses the Net.
14:55 of 2nd period - Snap shot by Blake Geoffrion.
14:55 of 2nd period - Stopped by Jhonas Enroth with a rebound.
15:05 of 2nd period - Wrist shot by Matt Cullen.
15:05 of 2nd period - Shot Misses the Net.
15:07 of 2nd period - Snap shot by Blake Geoffrion.
15:07 of 2nd period - Stopped by Jhonas Enroth with a rebound.
15:09 of 2nd period - Slapshot by Blake Geoffrion.
15:09 of 2nd period - Stopped by Jhonas Enroth with a rebound.
15:11 of 2nd period - Snap shot by David Van Der Gulik.
15:11 of 2nd period - Stopped by Jhonas Enroth without a rebound.
15:12 of 2nd period - Kyle Turris wins face-off versus Evgeny Grachev in Sewer Rats zone.
15:25 of 2nd period - Wrist shot by Jeff Tambellini.
15:25 of 2nd period - Stopped by Jhonas Enroth with a rebound.
15:33 of 2nd period - Phil Oreskovic is hit by Kyle Turris and loses puck.
15:52 of 2nd period - Snap shot by Tim Conboy.
15:52 of 2nd period - Shot Misses the Net.
15:54 of 2nd period - Slapshot by Phil Oreskovic.
15:54 of 2nd period - Shot Misses the Net.
16:04 of 2nd period - Wrist shot by Mikael Backlund.
16:04 of 2nd period - Stopped by Jhonas Enroth with a rebound.
16:06 of 2nd period - Slapshot by Josef Melichar.
16:06 of 2nd period - Stopped by Jhonas Enroth with a rebound.
16:08 of 2nd period - Snap shot by Keith Aulie.
16:08 of 2nd period - Shot Blocked by Andy Delmore.
16:10 of 2nd period - Slapshot by Josef Melichar.
16:10 of 2nd period - Deflect By Anton Gustafsson.
16:10 of 2nd period - Stopped by Jhonas Enroth without a rebound.
16:11 of 2nd period - Kyle Turris wins face-off versus Evgeny Grachev in Sewer Rats zone.
16:11 of 2nd period - Kyle Turris is hit by Jeff Tambellini.
16:37 of 2nd period - Mike Funk is hit by Manny Malhotra and loses puck.
16:42 of 2nd period - Snap shot by Tim Conboy.
16:42 of 2nd period - Stopped by Jhonas Enroth with a rebound.
16:56 of 2nd period - Snap shot by Niko Dimitrakos.
16:56 of 2nd period - Stopped by Steve Mason with a rebound.
17:42 of 2nd period - Snap shot by Zach Bogosian.
17:42 of 2nd period - Shot Misses the Net.
17:54 of 2nd period - Slapshot by Tim Conboy.
17:54 of 2nd period - Stopped by Jhonas Enroth without a rebound.
17:55 of 2nd period - Lars Eller wins face-off versus Billy Sweat in Sewer Rats zone.
18:08 of 2nd period - Wrist shot by Ville Leino.
18:08 of 2nd period - Shot Misses the Net.
18:10 of 2nd period - Snap shot by Andy Delmore.
18:10 of 2nd period - Stopped by Steve Mason with a rebound.
18:22 of 2nd period - Keith Aulie is hit by Dustin Byfuglien and loses puck.
18:55 of 2nd period - Snap shot by Jeff Tambellini.
18:55 of 2nd period - Shot Misses the Net.
19:09 of 2nd period - Jeremy Welsh is hit by Patrick Bordeleau.
19:17 of 2nd period - Niko Dimitrakos is hit by Jeremy Welsh and loses puck.
19:37 of 2nd period - Minor Penalty to Billy Sweat for Goalie Interference.
19:38 of 2nd period - Andy Miele wins face-off versus Kyle Turris in Carnivores zone.
3rd period
0:01 of 3rd period - Matt Cullen wins face-off versus Kyle Turris in neutral zone.
1:12 of 3rd period - Dustin Byfuglien is hit by Jeff Tambellini and loses puck.
1:19 of 3rd period - Dustin Byfuglien is hit by Blake Geoffrion and loses puck.
1:37 of 3rd period - Penalty to Billy Sweat is over, Billy Sweat is back on ice.
2:03 of 3rd period - Off-side.
2:04 of 3rd period - Anton Gustafsson wins face-off versus Stéphane Yelle in neutral zone.
2:22 of 3rd period - Snap shot by Mikael Backlund.
2:22 of 3rd period - Goal by Mikael Backlund - Carnivores : 2 - Sewer Rats : 8.
2:23 of 3rd period - Evgeny Grachev wins face-off versus Kyle Turris in neutral zone.
3:53 of 3rd period - Slapshot by Keith Aulie.
3:53 of 3rd period - Stopped by Jhonas Enroth without a rebound.
3:54 of 3rd period - Anton Gustafsson wins face-off versus Kyle Turris in Sewer Rats zone.
3:55 of 3rd period - Wrist shot by Mikael Backlund.
3:55 of 3rd period - Stopped by Jhonas Enroth without a rebound.
3:56 of 3rd period - Kyle Turris wins face-off versus Evgeny Grachev in Sewer Rats zone.
4:17 of 3rd period - Snap shot by Dustin Byfuglien.
4:17 of 3rd period - Goal by Dustin Byfuglien - Carnivores : 2 - Sewer Rats : 9.
4:18 of 3rd period - Kyle Turris wins face-off versus Evgeny Grachev in neutral zone.
4:18 of 3rd period - Minor Penalty to Evgeny Grachev for Interference.
4:19 of 3rd period - Matt Cullen wins face-off versus Kyle Turris in Carnivores zone.
4:30 of 3rd period - Andy Miele is hit by Dustin Byfuglien and loses puck.
6:18 of 3rd period - Penalty to Evgeny Grachev is over, Evgeny Grachev is back on ice.
6:26 of 3rd period - Snap shot by Jeff Tambellini.
6:26 of 3rd period - Shot Misses the Net.
6:59 of 3rd period - Andy Delmore is hit by Jeff Tambellini and loses puck.
7:18 of 3rd period - Jeff Tambellini is hit by Niko Dimitrakos and loses puck.
7:25 of 3rd period - Wrist shot by Stéphane Yelle.
7:25 of 3rd period - Shot Misses the Net.
7:27 of 3rd period - Slapshot by Andy Delmore.
7:27 of 3rd period - Shot Blocked by Phil Oreskovic.
7:29 of 3rd period - Slapshot by Andy Delmore.
7:29 of 3rd period - Deflect By Niko Dimitrakos.
7:29 of 3rd period - Shot Misses the Net.
7:29 of 3rd period - Puck is out of play.
7:30 of 3rd period - Matt Cullen wins face-off versus Kyle Turris in Carnivores zone.
8:02 of 3rd period - Wrist shot by Lars Eller.
8:02 of 3rd period - Shot Misses the Net.
8:08 of 3rd period - Jeremy Welsh is hit by Ville Leino and loses puck.
8:34 of 3rd period - Snap shot by Dustin Byfuglien.
8:34 of 3rd period - Shot Misses the Net.
9:06 of 3rd period - Wrist shot by Andy Delmore.
9:06 of 3rd period - Shot Misses the Net.
9:08 of 3rd period - Slapshot by Andy Delmore.
9:08 of 3rd period - Deflect By Matt Cullen.
9:08 of 3rd period - Stopped by Steve Mason with a rebound.
10:11 of 3rd period - Snap shot by Ville Leino.
10:11 of 3rd period - Stopped by Steve Mason without a rebound.
10:12 of 3rd period - Lars Eller wins face-off versus Evgeny Grachev in Carnivores zone.
10:24 of 3rd period - Off-side.
10:25 of 3rd period - Kyle Turris wins face-off versus Evgeny Grachev in neutral zone.
10:25 of 3rd period - Andy Delmore beats up Evgeny Grachev.
10:25 of 3rd period - Penalty to Andy Delmore for Fighting.
10:25 of 3rd period - Penalty to Evgeny Grachev for Fighting.
10:26 of 3rd period - Max Pacioretty wins face-off versus Manny Malhotra in neutral zone.
11:24 of 3rd period - Wrist shot by Andrew Ference.
11:24 of 3rd period - Stopped by Jhonas Enroth with a rebound.
11:39 of 3rd period - Kyle Okposo is hit by Phil Oreskovic and loses puck.
11:52 of 3rd period - Snap shot by Vojtech Polak.
11:52 of 3rd period - Shot Misses the Net.
11:54 of 3rd period - Snap shot by Vojtech Polak.
11:54 of 3rd period - Stopped by Steve Mason with a rebound.
12:12 of 3rd period - Minor Penalty to Zach Bogosian for Holding Stick.
12:13 of 3rd period - Manny Malhotra wins face-off versus Stéphane Yelle in Sewer Rats zone.
12:38 of 3rd period - John-Michael Liles is hit by Anton Gustafsson and loses puck.
13:09 of 3rd period - Max Pacioretty is hit by Blake Geoffrion and loses puck.
13:39 of 3rd period - Slapshot by Vojtech Polak.
13:39 of 3rd period - Shot Misses the Net.
14:05 of 3rd period - John-Michael Liles is hit by Andrew Ference.
14:12 of 3rd period - Penalty to Zach Bogosian is over, Zach Bogosian is back on ice.
14:34 of 3rd period - Snap shot by Zach Bogosian.
14:34 of 3rd period - Deflect By David Schlemko.
14:34 of 3rd period - Stopped by Steve Mason with a rebound.
14:40 of 3rd period - Steven Kampfer is hit by Jeremy Welsh and loses puck.
15:13 of 3rd period - Wrist shot by Steven Kampfer.
15:13 of 3rd period - Shot Blocked by Manny Malhotra.
15:53 of 3rd period - Icing by Ville Leino.
15:54 of 3rd period - Brandon Sutter wins face-off versus Blake Geoffrion in Sewer Rats zone.
15:54 of 3rd period - Brandon Sutter is hit by Andrew Ference.
16:26 of 3rd period - Snap shot by Dustin Byfuglien.
16:26 of 3rd period - Stopped by Steve Mason with a rebound.
17:01 of 3rd period - Off-side.
17:02 of 3rd period - Mikael Backlund wins face-off versus Stéphane Yelle in neutral zone.
17:27 of 3rd period - Jeff Tambellini is hit by Kyle Turris and loses puck.
17:35 of 3rd period - Off-side.
17:36 of 3rd period - Kyle Turris wins face-off versus Matt Cullen in neutral zone.
17:47 of 3rd period - Minor Penalty to Max Pacioretty for Tripping.
17:48 of 3rd period - Evgeny Grachev wins face-off versus Stéphane Yelle in Sewer Rats zone.
17:51 of 3rd period - Wrist shot by Andy Miele.
17:51 of 3rd period - Shot Misses the Net.
18:03 of 3rd period - Wrist shot by Andy Miele.
18:03 of 3rd period - Stopped by Jhonas Enroth with a rebound.
18:19 of 3rd period - Backhand shot by David Van Der Gulik.
18:19 of 3rd period - Shot Misses the Net.
18:21 of 3rd period - Snap shot by Phil Oreskovic.
18:21 of 3rd period - Deflect By David Van Der Gulik.
18:21 of 3rd period - Shot Blocked by John-Michael Liles.
18:21 of 3rd period - Puck is out of play.
18:22 of 3rd period - Stéphane Yelle wins face-off versus Anton Gustafsson in Sewer Rats zone.
19:00 of 3rd period - Andy Delmore is hit by Jeff Tambellini and loses puck.
19:47 of 3rd period - Penalty to Max Pacioretty is over, Max Pacioretty is back on ice.
Output by the SimonT Hockey Simulator (STHS) for François Prévost -- Original Page W3C XHTML 1.0 Valid